 Dungeon Crawl Stone Soup version 0.26-a0-649-gf8c6c3aab7 (webtiles) character file.

Game seed: 15359287198089902935

75800 Drevant2 the Cloud Mage (level 15, -18/86 HPs)
             Began as a Tengu Air Elementalist on Sept 27, 2020.
             Was the Champion of Nemelex Xobeh.
             Demolished by a sea snake (20 damage)
             ... on level 1 of the Shoals.
             The game lasted 02:01:08 (42982 turns).

Drevant2 the Cloud Mage (Tengu Air Elementalist)   Turns: 42982, Time: 02:01:09

Health: -18/86     AC:  3    Str: 14    XL:     15   Next: 51%
Magic:  4/31       EV: 23    Int: 28    God:    Nemelex Xobeh [******]
Gold:   2309       SH:  0    Dex: 15    Spells: 15/36 levels left

rFire    . . .     SeeInvis .   F - +2 scimitar (flame)
rCold    . . .     Faith    .   (no shield)
rNeg     . . .     Spirit   .   X - +1 robe of Poor Excuses {MR+}
rPois    .         Reflect  .   (helmet restricted)
rElec    .         Harm     .   A - scarf {+Inv}
rCorr    .         Rampage  .   (no gloves)
MR       ++...                  (boots unavailable)
Stlth    ++........             S - amulet of regeneration
HPRegen  0.64/turn              o - +6 ring of intelligence
MPRegen  0.22/turn              p - +6 ring of strength

@: lethally poisoned (-18 -> -20), flying quickly and evasively, quick
A: beak, talons 3, able to fly
a: Stop Flying, Draw Escape, Draw Destruction, Draw Summoning, Triple Draw, Deal
Four, Stack Five, Renounce Religion, Evoke Invisibility


You were on level 1 of the Shoals.
You worshipped Nemelex Xobeh.
Nemelex Xobeh was exalted by your worship.
You visited 4 branches of the dungeon, and saw 24 of its levels.
You visited the Abyss 1 time.

You collected 2309 gold pieces.

Inventory:

Hand Weapons
 F - a +2 scimitar of flaming (weapon)
Missiles
 h - 12 javelins (quivered)
Armour
 A - a scarf of invisibility (worn)
 X - the +1 robe of Poor Excuses (worn) {MR+}
   (You found it on level 6 of the Lair of Beasts)

   It affects your resistance to hostile enchantments.
Jewellery
 d - an uncursed ring of positive energy {unknown}
 i - a +6 ring of dexterity
 o - a +6 ring of intelligence (left hand)
 p - a +6 ring of strength (right hand)
 z - an uncursed ring of flight {unknown}
 B - a cursed ring of teleportation {unknown}
 H - a +6 ring of dexterity
 K - an uncursed amulet of guardian spirit {unknown}
 P - an uncursed ring of ice {unknown}
 S - an amulet of regeneration (around neck)
 T - a cursed amulet of inaccuracy {unknown}
 W - an uncursed ring of resist corrosion {unknown}
Wands
 g - a wand of acid (7)
 G - a wand of random effects (21)
 I - a wand of iceblast (41)
 J - a wand of paralysis (11)
 O - a wand of disintegration (7)
 Z - a wand of digging (5)
Scrolls
 a - a scroll of silence {unknown}
 c - 3 scrolls of magic mapping {unknown}
 k - 6 scrolls of amnesia
 l - 4 scrolls of noise {unknown}
 m - 7 scrolls of remove curse
 q - 5 scrolls of random uselessness {unknown}
 r - 8 scrolls of enchant weapon {unknown}
 s - 7 scrolls of teleportation
 u - 3 scrolls of immolation {unknown}
 v - 2 scrolls of enchant armour {unknown}
 w - 2 scrolls of blinking {unknown}
 y - 3 scrolls of fear
 D - 4 scrolls of fog
 R - 2 scrolls of brand weapon {unknown}
 V - 3 scrolls of torment {unknown}
 Y - a scroll of summoning {unknown}
Potions
 b - 6 potions of degeneration
 e - 10 potions of ambrosia
 f - 4 potions of curing
 n - 5 potions of stabbing
 t - 8 potions of brilliance
 x - 5 potions of flight
 C - a potion of lignification
 E - a potion of mutation
 L - a potion of heal wounds
 N - 2 potions of cancellation
 U - 2 potions of haste


   Skills:
 - Level 7.1 Fighting
 - Level 10.7 Dodging
 - Level 2.0 Stealth
 - Level 11.0 Spellcasting
 - Level 14.5 Conjurations
 * Level 21.6 Air Magic


You had 15 spell levels left.
You knew the following spells:

 Your Spells              Type           Power        Failure   Level
a - Shock                 Conj/Air       ####         0%          1
b - Swiftness             Air            #######.     0%          2
c - Airstrike             Air            #######...   0%          4
d - Lightning Bolt        Conj/Air       #######...   1%          5
e - Tornado               Air            #######...   45%         9

Your spell library contained the following spells:

 Spells                   Type           Power        Failure   Level
 Magic Dart               Conj           ####         0%          1
 Static Discharge         Conj/Air       #######.     0%          3
 Conjure Flame            Conj/Fire      ######..     1%          3
 Dazzling Flash           Conj/Hex       ######       1%          3
 Mephitic Cloud           Conj/Pois/Air  ######..     1%          3
 Stone Arrow              Conj/Erth      ######       1%          3
 Summon Lightning Spire   Summ/Air       ######..     1%          4
 Silence                  Hex/Air        ######....   1%          5
 Conjure Ball Lightning   Conj/Air       #######...   1%          6
 Animate Skeleton         Necr           ###...       3%          1
 Apportation              Tloc           ###...       3%          1
 Corona                   Hex            ###....      3%          1
 Pain                     Necr           ###.         3%          1
 Sandblast                Erth           ###...       3%          1
 Summon Small Mammal      Summ           ###.         3%          1
 Freezing Cloud           Conj/Ice/Air   ######....   4%          6
 Blink                    Tloc           N/A          5%          2
 Call Imp                 Summ           ###.....     5%          2
 Ensorcelled Hibernation  Hex/Ice        ###...       5%          2
 Passwall                 Tmut/Erth      ###.....     5%          2
 Slow                     Hex            ###.....     5%          2
 Call Canine Familiar     Summ           ###.....     11%         3
 Confusing Touch          Hex            ###.....     11%         3
 Inner Flame              Hex/Fire       ###.....     11%         3
 Lesser Beckoning         Tloc           ###.......   11%         3
 Portal Projectile        Hex/Tloc       ###...       11%         3
 Summon Guardian Golem    Hex/Summ       ###.....     11%         3
 Tukima's Dance           Hex            ###.....     11%         3
 Vampiric Draining        Necr           ###.......   11%         3
 Animate Dead             Necr           ###.......   34%         4
 Cause Fear               Hex            ###.......   34%         4
 Ice Form                 Ice/Tmut       ###.....     34%         4
 Leda's Liquefaction      Hex/Erth       ###.......   34%         4
 Petrify                  Tmut/Erth      ###.....     34%         4
 Summon Ice Beast         Ice/Summ       ###.....     34%         4
 Agony                    Necr           ###.....     69%         5
 Alistair's Intoxication  Tmut/Pois      ###......    69%         5
 Lee's Rapid Deconstruct  Erth           ###.......   69%         5
 Metabolic Englaciation   Hex/Ice        ###.......   69%         5
 Yara's Violent Unravell  Hex/Tmut       ###.......   69%         5
 Invisibility             Hex            ###.....     99%         6
 Ozocubu's Refrigeration  Ice            ###.......   99%         6
 Simulacrum               Ice/Necr       ###.......   99%         6
 Discord                  Hex            ###.......   100%        8


Dungeon Overview and Level Annotations

Branches:
Dungeon (15/15)            Temple (0/1) D:4            Lair (6/6) D:10
 Shoals (1/4) Lair:4        Snake (0/4) Lair:3        Slime (0/5) Lair:6
    Orc (2/2) D:12         Vaults (0/5) D:13
    Elf: Orc:2       Depths: D:15

Altars:
Dithmenos
Elyvilon
Gozag
Hepliaklqana
Nemelex Xobeh
Qazlal
Ru
Uskayaw
Vehumet
Yredelemnul
Zin
The Shining One
Beogh
Jiyva

Shops:
D:4 }   D:6 =   D:12 }   Shoals:1 }[

Annotations:
D:4 Sigmund


Innate Abilities, Weirdness & Mutations

You have a beak for a mouth.
You have claws for feet.
You can fly continuously.


Message History

You pass through the gate.
Welcome back to the Shoals!
The merfolk impaler completely misses you. x2
You draw a card...
You have drawn Velocity.
The merfolk impaler seems to slow down.
The sea snake seems to slow down.
The merfolk impaler seems to slow down.
The merfolk seems to slow down.
The merfolk throws a boomerang.
The boomerang closely misses you.
The weapon returns to the merfolk!
The merfolk impaler closely misses you.
The merfolk impaler hits you from afar with a +0 trident of distortion!
Space warps horribly around you!
Unknown command.
The merfolk throws a boomerang.
The boomerang hits you!
* * * LOW HITPOINT WARNING * * *
The weapon returns to the merfolk!
The merfolk impaler hits you from afar with a +1 trident of venom!!
* * * LOW HITPOINT WARNING * * *
You are lethally poisoned!
The sea snake bites you!!
You die...
Your body glows with a rainbow of weird colours and disappears.

#≈≈≈≈≈≈≈∩).)...m..
#≈≈≈≈≈≈≈≈..)......
#≈≈≈≈≈≈≈≈<()......
#≈≈≈≈≈≈≈....(../..
#≈≈m≈≈≈≈.).(#.....
#≈≈≈≈≈≈≈..........
#≈m≈≈≈≈)..#.∩.#...
#≈≈m≈≈≈≈≈........≈
#@S≈≈≈≈≈≈...#....≈
#≈≈≈≈≈≈≈≈≈......m
#≈≈≈≈≈≈≈≈≈≈..
#≈≈≈≈≈≈≈≈≈≈≈.
#≈≈≈≈≈≈≈≈≈≈≈≈
#≈≈≈≈≈≈≈≈≈≈≈≈
#≈≈≈≈≈≈≈≈.≈≈≈
#≈≈≈≈≈≈≈≈


You could see 2 merfolk impalers, a sea snake (slow) and a merfolk (slow).

Vanquished Creatures
  Josephine (D:14)
  Snorg (D:11)
  Harold (D:10)
  3 hydras
  A merfolk avatar (Lair:6)
  Erica (D:9)
  2 dancing weapons (D:13)
  A centaur warrior (D:14)
  2 tengu warriors (D:15)
  4 two-headed ogres
  Urug (D:10)
  Sonja (Lair:4)
  Nergalle (D:10)
  5 sea snakes
  A wizard (D:14)
  An unseen horror (D:12)
  4 lindwurms (Lair:3)
  An orc knight (D:12)
  2 harpies (Lair:6)
  3 deep elf magi
  3 cyclopes
  4 oklob plants (Lair:5)
  3 manticores
  2 fauns (Shoals:1)
  2 ugly things (D:12)
  A merfolk siren (Shoals:1)
  2 black mambas (Lair:3)
  4 centaur zombies
  A water nymph (Shoals:1)
  19 elephants
  14 cane toads
  A rime drake (shapeshifter) (D:14)
  A gargoyle (D:11)
  10 komodo dragons
  4 rime drakes
  2 trolls
  2 polar bears
  4 merfolk (Shoals:1)
  A queen bee (Lair:1)
  2 hellwings (D:11)
  17 blink frogs
  2 wind drakes (Lair:6)
  6 hornets
  Prince Ribbit (Lair:2)
  A meliai zombie (D:11)
  5 hippogriffs
  A vampire (D:14)
  5 wraiths (D:14)
  Eustachio (D:4)
  A water elemental (Shoals:1)
  24 yaks
  2 wyverns
  6 basilisks
  Grum (D:8)
  A human (D:10)
  2 vampire mosquitoes (D:13)
  3 wargs (Orc:2)
  Menkaure (D:4)
  Edmund (D:4)
  3 nagas
  20 water moccasins
  5 porcupines
  An acid dragon (D:14)
  9 orc warriors
  5 ice beasts
  An eye of draining (D:13)
  7 phantoms
  3 black bears
  A necrophage (D:7)
  11 wolves
  6 ogres
  12 centaurs
  11 crocodiles
  14 bullfrogs
  A wyvern zombie (D:11)
  2 wyvern skeletons
  8 scorpions
  30 killer bees
  15 wights
  13 hounds
  A bullfrog zombie (D:7)
  2 jellies
  9 centaur skeletons
  13 orc priests
  3 bullfrog skeletons
  15 orc wizards
  6 iguanas
  13 worker ants
  A hound skeleton (D:5)
  A howler monkey skeleton (D:4)
  11 adders
  11 gnolls
  4 shadow imps (D:11)
  3 white imps
  3 ufetubi
  2 oozes (D:1)
  An adder skeleton (D:7)
  2 worms
  7 dart slugs
  3 leopard geckos
  69 orcs
  8 giant cockroaches
  4 goblins
  8 hobgoblins
  7 jackals
  7 quokkas
  4 ball pythons
  9 bats
  8 frilled lizards
  6 kobolds
  A leopard gecko skeleton (D:8)
  A leopard gecko zombie (D:6)
  11 rats
632 creatures vanquished.

Vanquished Creatures (collateral kills)
  A two-headed ogre (D:9)
  A merfolk siren (Shoals:1)
  2 merfolk (Shoals:1)
  A snapping turtle (Shoals:1)
  A porcupine (D:10)
  An eye of draining (D:8)
  2 centaurs (D:13)
  An orc (D:13)
10 creatures vanquished.

Vanquished Creatures (others)
  2 bushes
  64 fungi
  133 plants
  11 withered plants (D:11)
210 creatures vanquished.

Grand Total: 852 creatures vanquished

Notes
Turn   | Place    | Note
-------+----------+-------------------------------------------
     0 | D:1      | Drevant2 the Tengu Air Elementalist began the quest for the
                  | Orb.
     0 | D:1      | Reached XP level 1. HP: 10/10 MP: 4/4
    67 | D:1      | Reached XP level 2. HP: 4/15 MP: 0/6
   350 | D:1      | Learned a level 2 spell: Swiftness
   624 | D:1      | Reached skill level 5 in Air Magic
   658 | D:1      | Reached XP level 3. HP: 19/19 MP: 2/7
  1609 | D:2      | Reached XP level 4. HP: 24/24 MP: 2/8
  1856 | D:2      | Reached skill level 6 in Air Magic
  2120 | D:2      | You fall into a shaft and drop 2 floors!
  2120 | D:4      | Noticed an ogre
  2124 | D:4      | Noticed an ogre
  2346 | D:4      | Noticed Menkaure
  2458 | D:4      | Found Qesumow's Gadget Emporium.
  2484 | D:4      | Gained mutation: You can fly continuously. [Tengu growth]
  2484 | D:4      | Reached XP level 5. HP: 28/28 MP: 5/9
  2702 | D:4      | Found a staircase to the Ecumenical Temple.
  2829 | D:4      | Reached skill level 7 in Air Magic
  3096 | D:3      | Found a white marble altar of Elyvilon.
  3620 | D:2      | Reached XP level 6. HP: 23/32 MP: 5/10
  4608 | D:3      | Found a basalt altar of Yredelemnul.
  4686 | D:3      | Found a sparkling altar of Nemelex Xobeh.
  4734 | D:3      | Became a worshipper of Nemelex Xobeh the Trickster
  4819 | D:3      | Found a glowing golden altar of the Shining One.
  4953 | D:4      | Reached skill level 8 in Air Magic
  5620 | D:4      | Noticed Eustachio
  5627 | D:4      | Reached XP level 7. HP: 36/36 MP: 5/12
  5725 | D:4      | Killed Eustachio
  5725 | D:4      | Reached skill level 9 in Air Magic
  6126 | D:4      | Noticed Edmund
  6134 | D:4      | Killed Edmund
  6134 | D:4      | Reached skill level 10 in Air Magic
  6134 | D:4      | Reached XP level 8. HP: 21/41 MP: 10/15
  6379 | D:4      | Found a hide-covered altar of Uskayaw.
  6406 | D:4      | Killed Menkaure
  6659 | D:4      | Noticed Sigmund
  6691 | D:5      | Entered Level 5 of the Dungeon
  6731 | D:5      | Learned a level 4 spell: Airstrike
  6884 | D:5      | Got a pitted whip
  6948 | D:5      | Reached skill level 11 in Air Magic
  7268 | D:5      | Reached * piety under Nemelex Xobeh
  7362 | D:5      | Received a gift from Nemelex Xobeh
  7648 | D:5      | Reached skill level 5 in Spellcasting
  8378 | D:6      | Reached skill level 12 in Air Magic
  8645 | D:6      | Identified the cursed +1 whip of Jefedgh {flame, Fragile
                  | rN+++} (You found it on level 5 of the Dungeon)
  8732 | D:6      | Found a stormy altar of Qazlal.
  8735 | D:6      | Reached XP level 9. HP: 37/45 MP: 8/17
  8904 | D:6      | Found Impoete's Jewellery Emporium.
  9147 | D:7      | Found a sacrificial altar of Ru.
  9353 | D:7      | Reached ** piety under Nemelex Xobeh
  9897 | D:7      | Found a shadowy altar of Dithmenos.
  9898 | D:7      | Found a radiant altar of Vehumet.
  9912 | D:7      | Reached skill level 13 in Air Magic
 10048 | D:7      | Found an opulent altar of Gozag.
 10564 | D:7      | Noticed a deep elf mage
 10570 | D:7      | Killed a deep elf mage
 10570 | D:7      | Reached skill level 5 in Dodging
 10739 | D:8      | Reached skill level 14 in Air Magic
 10817 | D:7      | Found a hazy altar of Hepliaklqana.
 11507 | D:8      | Noticed Grum
 11509 | D:8      | Reached XP level 10. HP: 17/50 MP: 4/18
 12099 | D:8      | Received a gift from Nemelex Xobeh
 12137 | D:8      | Killed Grum
 12445 | D:8      | Reached skill level 15 in Air Magic
 12494 | D:8      | Learned a level 5 spell: Lightning Bolt
 12833 | D:8      | Found a glowing silver altar of Zin.
 12948 | D:9      | Reached *** piety under Nemelex Xobeh
 12980 | D:9      | Noticed a two-headed ogre
 12987 | D:9      | Killed a two-headed ogre
 12987 | D:9      | Reached skill level 5 in Conjurations
 13717 | D:9      | Received a gift from Nemelex Xobeh
 13733 | D:9      | Noticed Erica
 13768 | D:9      | Killed Erica
 14743 | D:10     | Entered Level 10 of the Dungeon
 15264 | D:10     | Received a gift from Nemelex Xobeh
 15284 | D:10     | Reached XP level 11. HP: 54/54 MP: 10/19
 15761 | D:10     | Noticed a two-headed ogre
 15824 | D:10     | Killed a two-headed ogre
 15918 | D:10     | Noticed Nergalle
 15925 | D:10     | Killed Nergalle
 15925 | D:10     | Reached skill level 16 in Air Magic
 15948 | D:10     | Noticed Harold
 16204 | D:10     | Noticed Urug
 16382 | D:10     | Killed Harold
 16702 | D:10     | Found a staircase to the Lair.
 17451 | Lair:1   | Entered Level 1 of the Lair of Beasts
 18340 | Lair:1   | Received a gift from Nemelex Xobeh
 18375 | Lair:1   | Reached XP level 12. HP: 59/59 MP: 9/25
 18464 | Lair:1   | Got a distressingly furry chain mail
 18582 | Lair:1   | Reached **** piety under Nemelex Xobeh
 18919 | Lair:1   | Received a gift from Nemelex Xobeh
 19233 | Lair:1   | Found a basalt altar of Yredelemnul.
 19906 | Lair:2   | Noticed an eight-headed hydra
 19908 | Lair:2   | Killed an eight-headed hydra
 19908 | Lair:2   | Reached skill level 17 in Air Magic
 20363 | Lair:2   | Received a gift from Nemelex Xobeh
 20996 | Lair:2   | Reached ***** piety under Nemelex Xobeh
 21106 | Lair:2   | Reached skill level 10 in Spellcasting
 21348 | Lair:2   | Received a gift from Nemelex Xobeh
 22380 | Lair:3   | Noticed Prince Ribbit
 22509 | Lair:2   | Killed Prince Ribbit
 23184 | Lair:3   | Found a staircase to the Snake Pit.
 23449 | Lair:3   | Reached XP level 13. HP: 63/63 MP: 17/29
 23453 | Lair:3   | Reached skill level 10 in Conjurations
 23453 | Lair:3   | Reached skill level 18 in Air Magic
 24038 | Lair:3   | Received a gift from Nemelex Xobeh
 24472 | Lair:4   | Found a staircase to the Shoals.
 25787 | Lair:4   | Noticed Sonja
 25791 | Lair:4   | Killed Sonja
 25960 | Lair:4   | Received a gift from Nemelex Xobeh
 26216 | Lair:5   | Received a gift from Nemelex Xobeh
 27219 | Lair:5   | Received a gift from Nemelex Xobeh
 28080 | Lair:6   | Entered Level 6 of the Lair of Beasts
 28920 | Lair:6   | Got a fine robe
 28981 | Lair:6   | Identified the +1 robe of Poor Excuses {MR+} (You found it
                  | on level 6 of the Lair of Beasts)
 29153 | Lair:6   | Reached skill level 10 in Dodging
 29588 | Lair:6   | Reached XP level 14. HP: 68/68 MP: 21/30
 30087 | Lair:6   | Reached skill level 19 in Air Magic
 31900 | Lair:6   | Found a viscous altar of Jiyva.
 31900 | Lair:6   | Found a staircase to the Slime Pits.
 32621 | D:10     | Killed Urug
 32621 | D:10     | Reached skill level 1 in Fighting
 33100 | D:11     | Received a gift from Nemelex Xobeh
 33152 | D:11     | Reached ****** piety under Nemelex Xobeh
 33697 | D:11     | Noticed Snorg
 33701 | D:11     | Killed Snorg
 34192 | D:11     | Received a gift from Nemelex Xobeh
 35241 | D:12     | Found Dooriex's Gadget Shoppe.
 35291 | D:12     | Reached skill level 5 in Fighting
 36153 | D:12     | Identified the cursed +0 chain mail "Miefigam" {Rampage
                  | Str+4} (You found it on level 1 of the Lair of Beasts)
 36387 | D:12     | Received a gift from Nemelex Xobeh
 36594 | D:12     | Found a roughly hewn altar of Beogh.
 36594 | D:12     | Found a staircase to the Orcish Mines.
 36945 | Orc:1    | Entered Level 1 of the Orcish Mines
 37130 | Orc:1    | Received a gift from Nemelex Xobeh
 37168 | Orc:2    | Entered Level 2 of the Orcish Mines
 37485 | Orc:2    | Noticed a stone giant
 38385 | D:13     | Reached XP level 15. HP: 86/86 MP: 14/31
 38392 | D:13     | Reached skill level 20 in Air Magic
 39858 | D:13     | Found a gate to the Vaults.
 40327 | D:14     | Received a gift from Nemelex Xobeh
 40589 | D:14     | Received a gift from Nemelex Xobeh
 40676 | D:14     | Noticed Josephine
 40686 | D:14     | Killed Josephine
 41042 | D:14     | Reached skill level 21 in Air Magic
 41472 | D:15     | Entered Level 15 of the Dungeon
 41803 | D:14     | Learned a level 9 spell: Tornado
 42383 | Shoals:1 | Entered Level 1 of the Shoals
 42383 | Shoals:1 | Found Unaeleh's Gadget Shoppe.
 42383 | Shoals:1 | Found Gyijy's Antique Armour Emporium.
 42970 | Shoals:1 | Cast into level 3 of the Abyss (merfolk impaler)
 42980 | Shoals:1 | Escaped the Abyss
 42982 | Shoals:1 | HP: 2/86 [merfolk impaler/+1 trident of venom (21)]
 42982 | Shoals:1 | Demolished by a sea snake

Illustrated notes

Levels and vault maps discovered:
D:1:      evilmike_arrival_plus, layout_rooms, minmay_bisected
D:2:      layout_loops_cross
D:3:      layout_basic, grunt_temple_overflow_holy_war, nemelex_altar_shiori,
          nicolae_overflow_hidden_temple
D:4:      layout_loops_ring, eat_drink_and_be_merry_uskayaw,
          minmay_temple_entry_gardened_gates, serial_shops, shop,
          grunt_ministairs_15, uniq_edmund, uniq_eustachio, uniq_sigmund,
          uniq_crazy_yiuf_cottage, uniq_menkaure
D:5:      layout_basic
D:6:      layout_loops_ring, lemuel_round_altar, serial_shops,
          kennysheep_little_box
D:7:      cheibrodos_two_vegetables, layout_loops_ring, lemuel_round_altar,
          lemuel_doored_altar, nicolae_gozag_seed_capital,
          grunt_temple_overflow_open, minmay_holes
D:8:      layout_rooms, basic_altar, uniq_grum
D:9:      layout_basic, uniq_erica
D:10:     layout_small_grid, minmay_lair_entry_grove, uniq_harold, uniq_urug,
          uniq_nergalle
D:11:     cheibrodos_grave_circle, layout_basic, serial_park_tiny_1,
          hangedman_abyss_or_decor_lesser_grid, grunt_decor_cap, uniq_snorg
D:12:     minmay_open_boxes_in_corner, layout_gridville, david_orc_5,
          serial_shops, nicolae_shop_waterfront
D:13:     minmay_goldmine, layout_rooms, erik_vaults_1
D:14:     layout_roguey, hangedman_abyss_or_decor_slice, uniq_josephine
D:15:     grunt_enter_depths_hoard, layout_basic, nicolae_wwwww
Lair:1:   layout_roguey, special_room [special_room_bee], basic_altar,
          grunt_megastairs_5, serial_bayou_shore_b
Lair:2:   beast_lair_carwin_large_3, layout_cave_pods
Lair:3:   layout_small_grid, guppyfry_snake_entry_island, minmay_lindwurm_lava,
          uniq_prince_ribbit2
Lair:4:   layout_long_grid, minmay_shoals_entry_beasts,
          minmay_stone_trees_medium, uniq_sonja
Lair:5:   layout_regular_city, minmay_lair_oklob_chamber
Lair:6:   gammafunk_lair_ancient_temple, layout_cave_pods,
          dpeg_slime_entry_enclosed_altar, gauntlet_entry_generic,
          serial_bayou_shore_b, serial_bayou_shore_b
Shoals:1: layout_shoals, serial_shops, shop, nicolae_shop_stone, shop_statue,
          shop, nicolae_shop_stone
Orc:1:    layout_caves, basic_altar, uniq_fannar
Orc:2:    st_orc_rangers, layout_caves

Skill      XL: |  1  2  3  4  5  6  7  8  9 10 11 12 13 14 15 |
---------------+----------------------------------------------+-----
Conjurations   | 2 3 4 8 9 13 14 | 14.5
Air Magic      | 5 6 7 8 10 12 14 15 16 17 18 19 21 | 21.6
Spellcasting   | 4 5 8 11 | 11.0
Dodging        | 5 7 8 10 | 10.7
Fighting       | 7 |  7.1
Stealth        | |  2.0

Action                   |  1- 3 |  4- 6 |  7- 9 | 10-12 | 13-15 || total
-------------------------+-------+-------+-------+-------+-------++-------
Melee: Dagger            |     8 |     2 |       |       |       ||    10
       Kick              |     1 |     8 |     3 |    12 |    52 ||    76
       Mace              |       |    14 |    35 |     4 |       ||    53
       Peck              |       |     2 |     7 |     7 |    24 ||    40
       Scimitar          |       |       |       |    56 |   128 ||   184
 Cast: Shock             |    73 |   125 |   158 |   187 |   108 ||   651
       Swiftness         |       |     2 |     1 |       |       ||     3
       Airstrike         |       |       |    34 |   171 |   427 ||   632
       Lightning Bolt    |       |       |       |    37 |   106 ||   143
Invok: Draw Summoning    |       |       |       |     5 |     5 ||    10
       Draw Destruction  |       |       |       |     3 |    11 ||    14
       Draw Escape       |       |       |       |     1 |     2 ||     3
 Abil: Fly               |       |       |       |       |     1 ||     1
  Use: Scroll            |       |     7 |     8 |     4 |    18 ||    37
       Potion            |       |     1 |     7 |     1 |     8 ||    17
 Stab: Sleeping          |       |       |     7 |       |     1 ||     8
Armor: Robe              |     4 |     7 |    15 |    15 |    16 ||    57
       Skin              |       |       |       |       |    11 ||    11
Dodge: Dodged            |    16 |    32 |    69 |   101 |   276 ||   494
       Rpst.: Scimitar   |       |       |       |    28 |    55 ||    83

Table legend: (Time is in decaauts)
 A = Elapsed time spent in this place.
 B = Non-inter-level travel time spent in this place.
 C = Inter-level travel time spent in this place.
 D = Time resting spent in this place.
 E = Time spent auto-exploring this place.
 F = Levels seen in this place.
 G = Mean time per level.
                   A        B        C        D        E       F      G
               +--------+--------+--------+--------+--------+-----+--------+
         Total |  42482 |  39527 |   2955 |  24336 |  10267 |  25 | 1699.3 |
       Dungeon |  26150 |  24347 |   1803 |  14475 |   6640 |  15 | 1743.3 |
          Lair |  15649 |  14504 |   1145 |   9408 |   3557 |   6 | 2608.2 |
        Shoals |     70 |     70 |      0 |      0 |      0 |   1 |   70.0 |
  Orcish Mines |    603 |    597 |      6 |    452 |     69 |   2 |  301.5 |
         Abyss |      8 |      8 |      0 |      0 |      0 |   1 |    8.0 |
               +--------+--------+--------+--------+--------+-----+--------+

Top non-repeatable levels by time:
  Lair:6: 3290 daAuts
  Lair:5: 2932 daAuts
  Lair:1: 2628 daAuts
    D:12: 2583 daAuts
  Lair:2: 2543 daAuts
     D:9: 2530 daAuts
    D:10: 2523 daAuts
  Lair:4: 2209 daAuts
     D:7: 2191 daAuts
     D:4: 2171 daAuts
  Lair:3: 2045 daAuts
    D:13: 1923 daAuts
     D:3: 1854 daAuts
    D:11: 1843 daAuts
    D:14: 1730 daAuts
